 Dungeon Crawl Stone Soup version 0.27-a0-1431-gcffa5a9b16 (webtiles) character file.

Game seed: 12060762221038055827

473 trckry the Firebug (level 6, -10/32 HPs)
             Began as a Deep Elf Fire Elementalist on July 2, 2021.
             Was an Initiate of Vehumet.
             Mangled by an ogre (22 damage)
             ... on level 5 of the Dungeon.
             The game lasted 00:15:05 (5394 turns).

trckry the Firebug (Deep Elf Fire Elementalist)     Turns: 5394, Time: 00:15:06

Health: -10/32     AC:  5    Str:  7    XL:     6   Next: 83%
Magic:  11/15      EV: 12    Int: 26    God:    Vehumet [......]
Gold:   113        SH:  0    Dex: 15    Spells: 11/15 levels left

rFire    . . .     SeeInvis +   l - +0 quarterstaff
rCold    . . .     Faith    .   (shield currently unavailable)
rNeg     . . .     Spirit   .   a - +0 robe
rPois    .         Reflect  .   u - +1 helmet
rElec    .         Harm     .   (no cloak)
rCorr    .         Rampage  .   (no gloves)
Will     .....                  o - +0 pair of boots
Stlth    ++........             (no amulet)
HPRegen  0.10/turn              k - +6 ring of intelligence
MPRegen  0.14/turn              j - ring of see invisible

@: no status effects
A: no striking features
a: Renounce Religion


You were on level 5 of the Dungeon.
You worshipped Vehumet.
Vehumet was noncommittal.
You visited 2 branches of the dungeon, and saw 6 of its levels.

You collected 113 gold pieces.

Inventory:

Hand Weapons
 l - a +0 quarterstaff (weapon)
Missiles
 r - 5 poisoned darts (quivered)
 x - 6 boomerangs of dispersal
Armour
 a - a +0 robe (worn)
 o - a +0 pair of boots (worn)
 u - a +1 helmet (worn)
Jewellery
 j - a ring of see invisible (right hand)
 k - a +6 ring of intelligence (left hand)
 p - a ring of protection from fire
Wands
 v - a wand of flame (20)
Scrolls
 h - 3 scrolls of identify
Potions
 b - a potion of flight {unknown}
 c - a potion of attraction {unknown}
 d - 5 potions of curing
 e - a potion of lignification {unknown}
 f - 2 potions of might
 m - 2 potions of haste {unknown}
 n - a potion of ambrosia {unknown}
 q - a potion of berserk rage {unknown}
 s - 2 potions of magic {unknown}


   Skills:
 - Level 2.4 Dodging
 - Level 2.4 Stealth
 - Level 5.0 Spellcasting
 * Level 4.9 Conjurations
 * Level 6.0 Fire Magic


You had 11 spell levels left.
You knew the following spells:

 Your Spells              Type           Power      Damage    Failure   Level
a - Foxfire               Conj/Fire      100%       2x1d9     1%          1
b - Conjure Flame         Conj/Fire      35%        6-21      2%          3

Your spell library contained the following spells:

 Spells                   Type           Power      Damage    Failure   Level
 Magic Dart               Conj           100%       1d8       1%          1
 Inner Flame              Hex/Fire       22%        N/A       7%          3
 Corona                   Hex            6%         N/A       8%          1
 Pain                     Necr           24%        1d5       8%          1
 Sticky Flame             Conj/Fire      35%        2d5       8%          4
 Ignite Poison            Fire/Tmut/Pois 17%        N/A       10%         3
 Call Imp                 Summ           6%         N/A       12%         2
 Ensorcelled Hibernation  Hex/Ice        12%        N/A       12%         2
 Slow                     Hex            6%         N/A       12%         2
 Mephitic Cloud           Conj/Pois/Air  15%        N/A       12%         3
 Call Canine Familiar     Summ           6%         N/A       22%         3
 Confusing Touch          Hex            6%         N/A       22%         3
 Gell's Gravitas          Tloc           3%         N/A       22%         3
 Lesser Beckoning         Tloc           3%         N/A       22%         3
 Portal Projectile        Hex/Tloc       12%        N/A       22%         3
 Teleport Other           Tloc           6%         N/A       22%         3
 Tukima's Dance           Hex            6%         N/A       22%         3
 Fireball                 Conj/Fire      17%        3d9       22%         5
 Bolt of Magma            Conj/Fire/Erth 12%        4d8       43%         5
 Leda's Liquefaction      Hex/Erth       3%         N/A       58%         4
 Agony                    Necr           6%         N/A       91%         5
 Excruciating Wounds      Necr           3%         N/A       91%         5
 Yara's Violent Unravell  Hex/Tmut       3%         3d4       91%         5


Dungeon Overview and Level Annotations

Branches:
Dungeon (5/15)             Temple (1/1) D:5

Altars:
Ashenzari
Elyvilon
Nemelex Xobeh
Sif Muna
Uskayaw
Vehumet
Xom
Yredelemnul

Annotations:
D:5 Pikel


Message History

Found a broad axe.
You take 2 damage, and have 30/32 hp.
A scorpion comes into view.
You see here a +0 broad axe.
Casting: Foxfire (safe; 1% risk of failure)
Confirm with . or Enter, or press ? or * to list all spells.
The fire begins to smoulder!
Pikel misses you.
You now have 10/15 mp.
Casting: Conjure Flame (dangerous; 2% risk of failure)
Confirm with . or Enter, or press ? or * to list all spells.
The fire ignites!
You are engulfed in blazing flames.
Ouch! That really hurt!
Pikel barely misses you.
You take 18 damage, and have 13/32 hp.
MASSIVE DAMAGE!!
You now have 7/15 mp.
Casting: Conjure Flame (dangerous; 2% risk of failure)
Confirm with . or Enter, or press ? or * to list all spells.
You conjure some foxfire!
Pikel is engulfed in blazing flames.
You now have 6/15 mp.
Your foxfire dissipates!
The foxfire hits Pikel.
Pikel is moderately wounded.
A lemure comes into view.
The lemure shouts!
Pikel says, "All the demons know me.
They respect me."
Pikel hits you with a +2 whip of flaming!
* * * LOW HITPOINT WARNING * * *
Pikel burns you.
* * * LOW HITPOINT WARNING * * *
You take 12 damage, and have 3/32 hp.
MASSIVE DAMAGE!!
Pikel says, "I'm sure they'll be treated well, anyway."
An ogre comes into view. It is wielding a +0 giant club.
The ogre shouts!
As you read the scroll labelled QIOCHAO QEKIE, it crumbles to dust.
You hear a loud clanging noise!
It was a scroll of noise.
You hear a shout! x2
Pikel barely misses you.
It was a potion of curing.
You feel better.
The ogre hits you with a +0 giant club!!
Ouch! That really hurt!
You die...

*,,* **,*,,,,,,,,...#.....
**,******** *..>,,,,,,*#........
*,,,,,,,,* *..,,,,,,,*##...###.
*,,,,,,,,* *#.,,,,,,,* ##...#..
*,,,,,,,,*****.##****** ##.$#..
*,,,,,,,,,,,,,...,,,,,**####....
*,,,,,,,,****,#.#****,,,........
*,,,,,,,,* **,#O# ****###.....
*,,,,,,,,***,,#@# #.#...
*******,,,,,,*#K# #.#...
*,,,,*****#o### *#,#... *,,,,*
#.s.# *,,#### * *,,,,* ###.#
*,**#.. * *,,,,* #s# *,* #.# ***
**,*********#.## *,* #.# ,,*
*,,***,,,,*#s.# *.# #.# *,*
**,,**,**,*##o# *.###†#


You could see Pikel, an ogre, a scorpion and an orc.

Vanquished Creatures
  A black bear (D:4)
  A necrophage (D:5)
  A water moccasin skeleton (D:4)
  A bullfrog skeleton (D:5)
  An orc priest (D:3)
  An orc wizard (D:3)
  8 gnolls (D:2)
  2 adders (D:3)
  An adder skeleton (D:4)
  2 worms (D:2)
  4 dart slugs
  3 orcs (D:3)
  5 bats
  4 endoplasms
  4 giant cockroaches
  A goblin (D:2)
  9 hobgoblins
  4 jackals (D:4)
  A quokka (D:1)
  8 ball pythons
  5 kobolds
  A rat (D:1)
68 creatures vanquished.

Vanquished Creatures (others)
  303 foxfires
303 creatures vanquished.

Grand Total: 371 creatures vanquished

Notes
Turn   | Place    | Note
-------+----------+-------------------------------------------
     0 | D:1      | trckry the Deep Elf Fire Elementalist began the quest for
                  | the Orb.
     0 | D:1      | Reached XP level 1. HP: 10/10 MP: 6/6
    41 | D:1      | Found a faded altar of an unknown god.
   302 | D:1      | Reached XP level 2. HP: 15/15 MP: 4/8
  1653 | D:2      | Reached XP level 3. HP: 19/19 MP: 1/10
  1656 | D:2      | Reached skill level 4 in Fire Magic
  1904 | D:2      | Found a shimmering altar of Xom.
  2499 | D:2      | Reached XP level 4. HP: 20/24 MP: 4/11
  3277 | D:2      | Learned a level 3 spell: Conjure Flame
  3416 | D:3      | Reached XP level 5. HP: 28/28 MP: 10/13
  3486 | D:3      | Reached skill level 5 in Fire Magic
  3759 | D:3      | Found a sparkling altar of Nemelex Xobeh.
  4599 | D:4      | Noticed a black bear
  4620 | D:4      | Killed a black bear
  4621 | D:4      | Reached XP level 6. HP: 32/32 MP: 2/15
  5247 | D:5      | Entered Level 5 of the Dungeon
  5260 | D:5      | Found a staircase to the Ecumenical Temple.
  5269 | Temple   | Entered the Ecumenical Temple
  5274 | Temple   | Became a worshipper of Vehumet
  5317 | D:5      | Reached skill level 5 in Spellcasting
  5317 | D:5      | Reached skill level 6 in Fire Magic
  5353 | D:5      | Noticed Pikel
  5378 | D:5      | HP: 3/32 [Pikel (4)]
  5394 | D:5      | Mangled by an ogre

Illustrated notes

Levels and vault maps discovered:
D:1:      lightli_iron_boxes, layout_basic, basic_ecumenical_altar, hex_medium
D:2:      layout_basic, serial_rivers, chequers_serial_rivers_micro_e,
          chequers_serial_rivers_small_b, chequers_serial_rivers_large_b,
          chequers_serial_rivers_micro_c, basic_altar
D:3:      layout_basic, nemelex_dance_club_becter
D:4:      layout_loops_corners
D:5:      layout_rooms, minmay_temple_entry_tees, gup_ossuary_entry_pyramid,
          uniq_pikel
Temple:   nicolae_temple_the_god_donut

Skill      XL: |  1  2  3  4  5  6 |
---------------+-------------------+-----
Conjurations   | 2 3 4 |  4.9
Fire Magic     | 4 5 6 |  6.0
Spellcasting   | 4 5 |  5.0
Dodging        | |  2.4
Stealth        | |  2.4

Action                   |  1- 3 |  4- 6 || total
-------------------------+-------+-------++-------
Throw: Dart              |       |     5 ||     5
 Cast: Foxfire           |   100 |   104 ||   204
       Conjure Flame     |       |     6 ||     6
  Use: Scroll            |       |     5 ||     5
       Potion            |       |     1 ||     1
Armor: Robe              |     2 |     6 ||     8
Dodge: Dodged            |    11 |    10 ||    21

Table legend: (Time is in decaauts)
 A = Elapsed time spent in this place.
 B = Non-inter-level travel time spent in this place.
 C = Inter-level travel time spent in this place.
 D = Time resting spent in this place.
 E = Time spent auto-exploring this place.
 F = Levels seen in this place.
 G = Mean time per level.
                   A        B        C        D        E       F      G
               +--------+--------+--------+--------+--------+-----+--------+
         Total |   5424 |   5331 |     93 |    298 |   4323 |   6 |  904.0 |
       Dungeon |   5413 |   5320 |     93 |    298 |   4323 |   5 | 1082.6 |
        Temple |     10 |     10 |      0 |      0 |      0 |   1 |   10.0 |
               +--------+--------+--------+--------+--------+-----+--------+

Top non-repeatable levels by time:
     D:1: 1685 daAuts
     D:2: 1630 daAuts
     D:4: 1104 daAuts
     D:3: 856 daAuts
     D:5: 136 daAuts
  Temple: 10 daAuts
